 Dungeon Crawl Stone Soup version 0.29-a0-575-g0dc89cf053 (webtiles) character file.

Game seed: 12468090872214682968

46 KristoblXynda the Slasher (level 3, -3/30 HPs)
             Began as a Draconian Gladiator on June 13, 2022.
             Slain by an orc wizard
             ... wielding a +2 dagger of freezing
              (4 damage)
             ... on level 2 of the Dungeon.
             The game lasted 00:01:29 (1510 turns).

KristoblXynda the Slasher (Draconian Gladiator)     Turns: 1510, Time: 00:01:29

Health: -3/30      AC:  5    Str: 18    XL:     3   Next: 44%
Magic:  3/3        EV: 12    Int:  8    God:
Gold:   99         SH:  0    Dex: 12    Spells: 2/2 levels left

rFire   . . .      SeeInvis .   a - +0 long sword
rCold   . . .      Faith    .   (no shield)
rNeg    . . .      Spirit   .   (body armour unavailable)
rPois   .          Reflect  .   b - +0 hat
rElec   .          Harm     .   (no cloak)
rCorr   .          Rampage  .   (no gloves)
Will    .....                   (no boots)
Stlth   +.........              (no amulet)
HPRegen 0.10/turn               (no ring)
MPRegen 0.08/turn               (no ring)

@: no status effects
A: AC +5, unfitting armour, cold-blooded
a: no special abilities


You were on level 2 of the Dungeon.
You visited 1 branch of the dungeon, and saw 2 of its levels.

You collected 99 gold pieces.

Inventory:

Hand Weapons
 a - a +0 long sword (weapon)
Missiles
 c - 3 throwing nets (quivered)
 d - a javelin
Armour
 b - a +0 hat (worn)
Jewellery
 h - a ring of fire
Scrolls
 f - 3 scrolls of amnesia {unknown}
 j - 4 scrolls of identify {unknown}
 k - a scroll of enchant weapon {unknown}
 l - a scroll of fear {unknown}
 m - a scroll of teleportation {unknown}
 n - a scroll of acquirement {unknown}
Potions
 e - 2 potions of haste {unknown}
 g - 2 potions of attraction {unknown}
 i - 3 potions of lignification {unknown}


   Skills:
 + Level 2.8 Fighting
 + Level 3.4 Long Blades
 + Level 2.3 Throwing
 + Level 3.1 Dodging


You had 2 spell levels left.
You didn't know any spells.
Your spell library contained the following spells:

 Spells                   Type           Power      Damage    Failure   Level
 Apportation              Tloc           0%         N/A       41%         1
 Necrotize                Necr           0%         1d4       41%         1
 Summon Small Mammal      Summ           0%         N/A       41%         1
 Gell's Gravitas          Tloc           0%         N/A       78%         3
 Lesser Beckoning         Tloc           0%         N/A       78%         3
 Teleport Other           Tloc           0%         N/A       78%         3


Dungeon Overview and Level Annotations

Branches:
Dungeon (2/15)

Altars:


Innate Abilities, Weirdness & Mutations

Your plain brown scales are hard. (AC +5)
You cannot fit into any form of body armour.
You are cold-blooded and may be slowed by cold attacks.


Message History

You hit the dart slug but do no damage.
The dart slug is almost dead.
The dart slug launches a dart at you. The slug dart hits you.
The dart slug bites you.
You hit the dart slug but do no damage.
The dart slug is almost dead.
The dart slug launches a dart at you.
The slug dart hits you but does no damage.
You slash the dart slug!
You kill the dart slug!
You closely miss the orc. You miss something.
You hit something but do no damage.
You hear some strange, mumbled words.
You are confused.
You hear some strange, mumbled words.
Something tries to affect you, but you resist.
You closely miss something. Something hits you. Something freezes you.
You closely miss something. Something hits you. Something freezes you.
You barely miss something. Something hits you. Something freezes you.
Something hits you.
* * * LOW HITPOINT WARNING * * *
You feel yourself slow down. Something freezes you.
* * * LOW HITPOINT WARNING * * *
You feel less confused.
You miss something.
You feel yourself speed up. Something hits you.
* * * LOW HITPOINT WARNING * * *
Something freezes you.
* * * LOW HITPOINT WARNING * * *
You hit the orc.
The orc is severely wounded.
Something hits you.
* * * LOW HITPOINT WARNING * * *
Something freezes you.
* * * LOW HITPOINT WARNING * * *
The orc hits you but does no damage. Something hits you.
You die...

... #......# ...
###......## ########.#
#.......... ###......#.#
#.#......##
#......###.####
#.#......##
##..####......#
#.########.
#....†..#.##.###.########.
#.###..##....>............
#.#.[....@##.###.########.
#.#.#####o##.# #.# #.
#.#.# #.##.###.# #. #.#.#
#)##.(...# #. ##.#.#
#.##.##### #. #....#
#..### ## ###### #.)#
......)..# #######..#


You could see an orc.

Vanquished Creatures
  An adder (D:2)
  3 dart slugs
  2 orcs (D:2)
  4 bats
  3 endoplasms
  A giant cockroach (D:1)
  4 goblins
  3 hobgoblins
  A kobold (D:1)
  A ball python (D:2)
  2 frilled lizards
  2 rats
27 creatures vanquished.

Notes
Turn   | Place    | Note
-------+----------+-------------------------------------------
     0 | D:1      | KristoblXynda the Draconian Gladiator began the quest for
                  | the Orb.
     0 | D:1      | Reached XP level 1. HP: 17/17 MP: 1/1
   327 | D:1      | Reached XP level 2. HP: 24/25 MP: 2/2
  1209 | D:2      | Reached XP level 3. HP: 24/30 MP: 3/3
  1510 | D:2      | HP: 1/30 [something (1)]
  1510 | D:2      | Slain by an orc wizard

Illustrated notes

Levels and vault maps discovered:
D:1:      heliophobic_arrival_battle_scene, layout_basic, minmay_3d_cube
D:2:      layout_basic

Skill      XL: |  1  2 |
---------------+-------+-----
Throwing       | 2 |  2.3
Dodging        | 3 |  3.1
Fighting       | |  2.8
Long Blades    | |  3.4

Action                   || total
-------------------------++-------
Melee: Long sword        ||    90
       Tailslap          ||     6
 Stab: Sleeping          ||     2
Armor: Skin              ||    33
Dodge: Dodged            ||    57

Table legend: (Time is in decaauts)
 A = Elapsed time spent in this place.
 B = Non-inter-level travel time spent in this place.
 C = Inter-level travel time spent in this place.
 D = Time resting spent in this place.
 E = Time spent auto-exploring this place.
 F = Levels seen in this place.
 G = Mean time per level.
                   A        B        C        D        E       F      G
               +--------+--------+--------+--------+--------+-----+--------+
         Total |   1532 |   1466 |     66 |      0 |   1232 |   2 |  766.0 |
       Dungeon |   1532 |   1466 |     66 |      0 |   1232 |   2 |  766.0 |
               +--------+--------+--------+--------+--------+-----+--------+

Top non-repeatable levels by time:
     D:1: 1000 daAuts
     D:2: 531 daAuts
